 Dungeon Crawl Stone Soup version 0.21-a0-221-gfe971b9 (webtiles) character file.

28 motkurip the Grave Robber (level 3, -2/21 HPs)
             Began as an Octopode Necromancer on Aug 27, 2017.
             Slain by a goblin
             ... wielding a +0 dagger
             ... led by Robin
              (6 damage)
             ... on level 2 of the Dungeon.
             The game lasted 00:03:16 (911 turns).

motkurip the Grave Robber (Octopode Necromancer)     Turns: 911, Time: 00:03:17

Health: -2/21      AC:  4    Str:  7    XL:     3   Next: 12%
Magic:  3/6        EV: 14    Int: 14    God:
Gold:   57         SH:  0    Dex: 18    Spells: 4/6 levels left

rFire    . . .     SeeInvis .   n - +0 dagger
rCold    . . .     Gourm    .   (no shield)
rNeg     . . .     Faith    .   (helmet restricted)
rPois    .         Spirit   .   (no amulet)
rElec    .         Reflect  .   c - +5 ring of dexterity
rCorr    .         Harm     .   m - -3 ring of intelligence (curse)
MR       .....                  (no ring)
Stlth    +++.......             (no ring)
HPRegen  0.07/turn              (no ring)
MPRegen  0.10/turn              (no ring)
                                (no ring)
                                (no ring)

@: flying, hasted, very quick
A: almost no armour, stealthy swim, amphibious, 8 rings, constrict 8, molten
scales 2, camouflage 1, gelatinous body 1
a: no special abilities


You were on level 2 of the Dungeon.
You were not hungry.

You visited 1 branch of the dungeon, and saw 2 of its levels.

You collected 57 gold pieces.

Inventory:

Hand Weapons
 g - a +0 short sword
 n - a +0 dagger (weapon)
Jewellery
 c - a +5 ring of dexterity (left tentacle)
 m - a cursed -3 ring of intelligence (right tentacle)
Scrolls
 f - a scroll of remove curse {unknown}
 h - 2 scrolls of identify {unknown}
 l - a scroll of recharging {unknown}
 p - a scroll of enchant armour {unknown}
Books
 a - a book of Necromancy

   Spells                             Type                      Level
   a - Pain                           Necromancy                   1
   b - Animate Skeleton               Necromancy                   1
   c - Vampiric Draining              Necromancy                   3
   d - Regeneration                   Charms/Necromancy            3
   e - Animate Dead                   Necromancy                   4
   f - Control Undead                 Necromancy                   4
Comestibles
 b - a bread ration
 d - a meat ration


   Skills:
 - Level 2.0 Dodging
 - Level 2.6 Stealth
 - Level 2.0 Spellcasting
 + Level 5.0 Necromancy


You had 4 spell levels left.
You knew the following spells:

 Your Spells              Type           Power        Failure   Level  Hunger
f - Pain                  Necr           ###.         3%          1    ##.....
k - Animate Skeleton      Necr           N/A          3%          1    ##.....


Dungeon Overview and Level Annotations

Branches:
Dungeon (2/15)

Altars:
Cheibriados

Annotations:
D:2 Robin, Sigmund


Innate Abilities, Weirdness & Mutations

You cannot wear most types of armour.
You are very stealthy in the water. (Stealth+)
You are amphibious.
You can wear up to eight rings at the same time.
You can use your tentacles to constrict eight enemies at once.
Your skin changes colour to match your surroundings (Stealth+).
Your rubbery body absorbs attacks. (AC +1, EV +1)
You are mostly covered in molten scales. (AC +3)


Message History

Aim: a goblin (severely wounded, unusually strong, chance to defeat MR: 85%)
The goblin writhes in agony!
You kill the goblin!
Your Necromancy skill increases to level 5!
Robin throws the goblin at you!
Casting: Pain
Confirm with . or Enter, or press ? or * to list all spells.
Aiming: Pain
Press: ? - help, Shift-Dir - straight line, f - goblin
Aim: a goblin, wielding a dagger (unusually strong, chance to defeat MR: 85%)
Okay, then.
It was a potion of mutation.
You feel extremely strange.
Molten scales grow over part of your body.
Molten scales spread over more of your body.
The goblin hits you but does no damage.
A goblin comes into view.
It was a potion of flight.
You feel very buoyant.
You fly up into the air.
The goblin hits you with a dagger.
You die...

#.....###....
##.#..# ###
#.####.#..# .#
#.....)..# #.#
#.####.#.####.##
#.#.##....#
#.#.##.._.#
#g#.##....#
#@#.##.#.####.#
#g#...........#
#g######.#######
#g# #...)...#
#.# #######.#
g.# #.# ### #.#
#.# #.#


You could see Robin and 4 goblins.

Vanquished Creatures
  2 leopard geckos (D:1)
  6 giant cockroaches
  5 goblins
  A hobgoblin (D:2)
  2 kobolds (D:1)
  A bat (D:2)
  2 frilled lizards
  4 rats
23 creatures vanquished.

Notes
Turn   | Place    | Note
-------+----------+-------------------------------------------
     0 | D:1      | motkurip the Octopode Necromancer began the quest for the Orb.
     0 | D:1      | Reached XP level 1. HP: 11/11 MP: 3/3
     2 | D:1      | Learned a level 1 spell: Animate Skeleton
   276 | D:1      | Reached XP level 2. HP: 9/17 MP: 5/5
   750 | D:2      | Noticed Sigmund
   835 | D:2      | Found a snail-covered altar of Cheibriados.
   892 | D:2      | Reached XP level 3. HP: 15/21 MP: 6/6
   897 | D:2      | Noticed Robin
   909 | D:2      | Reached skill level 5 in Necromancy
   910 | D:2      | Gained mutation: You are partially covered in molten scales. (AC +2) [potion of mutation]
   910 | D:2      | Gained mutation: You are mostly covered in molten scales. (AC +3) [potion of mutation]
   911 | D:2      | Slain by a goblin

Vault maps used:
D:1:      scummos_arrival_simple_crosswalls, minmay_pentomino_q4
D:2:      first_bread, cheibriados_altar_1, uniq_sigmund, uniq_robin

Skill      XL: |  1  2  3 |
---------------+----------+-----
Necromancy     | 5 |  5.0
Dodging        | |  2.0
Stealth        | |  2.6
Spellcasting   | |  2.0

Action                   || total
-------------------------++-------
Melee: Unarmed           ||    13
       Constrict         ||    14
       Short sword       ||    14
       Tentacles         ||     5
       Dagger            ||    30
 Cast: Pain              ||    11
  Use: Potion            ||     4
 Stab: Sleeping          ||     4
Armor: Skin              ||     4
Dodge: Dodged            ||    46

Table legend:
 A = Spawn XP
 B = Non-spawn XP
 C = Spawn XP percentage of total XP
 D = Spawn monster count
 E = Non-spawn monster count
 F = Spawn count percentage of total count
 G = Total turns spent on level
                    A         B        C        D         E        F      G
               +---------+---------+-------+---------+---------+-------+---------
         Total |       0 |      40 |   0.0 |       0 |      23 |   0.0 |   911
               +---------+---------+-------+---------+---------+-------+---------
           D:1 |       0 |      25 |   0.0 |       0 |      13 |   0.0 |   683
           D:2 |       0 |      15 |   0.0 |       0 |      10 |   0.0 |   228
               +---------+---------+-------+---------+---------+-------+---------
